 Dungeon Crawl Stone Soup version 0.22-a0-799-g88f5e90 (webtiles) character file.

19 iamserjio the Firebug (level 2, -1/17 HPs)
             Began as an Octopode Fire Elementalist on July 21, 2018.
             Slain by a leopard gecko (5 damage)
             ... on level 1 of the Dungeon.
             The game lasted 00:01:50 (226 turns).

iamserjio the Firebug (Octopode Fire Elementalist)   Turns: 226, Time: 00:01:50

Health: -1/17      AC:  1    Str:  7    XL:     2   Next: 75%
Magic:  3/5        EV: 13    Int: 17    God:
Gold:   69         SH:  0    Dex: 12    Spells: 4/5 levels left

rFire    . . .     SeeInvis .   c - +0 club
rCold    . . .     Gourm    .   (no shield)
rNeg     . . .     Faith    .   (helmet restricted)
rPois    .         Spirit   .   (no amulet)
rElec    .         Reflect  .   (no ring)
rCorr    .         Harm     .   (no ring)
MR       .....                  (no ring)
Stlth    +++.......             (no ring)
HPRegen  0.05/turn              (no ring)
MPRegen  0.09/turn              (no ring)
                                (no ring)
                                (no ring)

@: no status effects
A: almost no armour, stealthy swim, amphibious, 8 rings, constrict 8, camouflage
1, gelatinous body 1
a: no special abilities


You were on level 1 of the Dungeon.
You were not hungry.

You visited 1 branch of the dungeon, and saw 1 of its levels.

You collected 69 gold pieces.

Inventory:

Hand Weapons
 c - a +0 club (weapon)
Missiles
 h - 72 arrows
Scrolls
 d - a scroll of fog {unknown}
 g - a scroll of noise {unknown}
 i - a scroll of teleportation {unknown}
 j - a scroll of identify {unknown}
Potions
 a - a potion of brilliance {unknown}
 e - 4 potions of curing {unknown}
 f - a potion of flight {unknown}
Comestibles
 b - 2 rations


   Skills:
 - Level 2.0 Dodging
 + Level 3.2 Stealth
 + Level 2.2 Spellcasting
 + Level 1.5 Conjurations
 + Level 3.2 Fire Magic


You had 4 spell levels left.
You knew the following spells:

 Your Spells              Type           Power        Failure   Level  Hunger
a - Flame Tongue          Conj/Fire      ##...        7%          1    #......

Your spell library contained the following spells:

 Spells                   Type           Power        Failure   Level  Hunger
 Fireball                 Conj/Fire      ##........   89%         5    ######.
 Conjure Flame            Conj/Fire      ##......     22%         3    ###....
 Throw Flame              Conj/Fire      ##....       11%         2    ###....
 Sticky Flame             Conj/Fire      ##......     56%         4    #####..
 Inner Flame              Hex/Fire       #.......     28%         3    ###....


Dungeon Overview and Level Annotations

Branches:
Dungeon (1/15)

Altars:


Innate Abilities, Weirdness & Mutations

You cannot wear most types of armour.
You are very stealthy in the water. (Stealth+)
You are amphibious.
You can wear up to eight rings at the same time.
You can use your tentacles to constrict eight enemies at once.
Your skin changes colour to match your surroundings (Stealth+).
Your rubbery body absorbs attacks. (AC +1, EV +1)


Message History

Aim: a dart slug The flame tongue hits the dart slug.
The dart slug is almost dead.
Casting: Flame Tongue (safe; 8% risk of failure)
Confirm with . or Enter, or press ? or * to list all spells.
Aiming: Flame Tongue (safe; 8% risk of failure)
Press: ? - help, Shift-Dir - straight line, f/p - dart slug
Aim: a dart slug (almost dead)
The flame tongue hits the dart slug.
You kill the dart slug!
Things that are here:
a club; a hobgoblin corpse A rat and a kobold come into view.
A leopard gecko comes into view.
Things that are here:
a club; a hobgoblin corpse The kobold misses you.
The leopard gecko barely misses you. The leopard gecko closely misses you.
The leopard gecko bites you.
You die...

.##.....#.#..#########.........#
. .......#...## ##............#
. #........#..# #.............#
# ##..........#
###...##.########
#......##..###.....##.##
####.....###..............#
#.†.......##..............##
#.#.....#.##....#K.........#
#.#.##.....##...@lK........#
..#.#..##......##..........#
......## #.#...##..........#
.#...## #.....##..........#
.#...########......>......##
........... ...##..........#
.....#### #..............#
..##..#######...#........).#
...........#...............#


You could see a leopard gecko and 2 kobolds.

Vanquished Creatures
  An ooze (D:1)
  2 dart slugs (D:1)
  A giant cockroach (D:1)
  2 hobgoblins (D:1)
  3 bats (D:1)
  A goblin (D:1)
  A kobold (D:1)
  A rat (D:1)
12 creatures vanquished.

Notes
Turn   | Place    | Note
-------+----------+-------------------------------------------
     0 | D:1      | iamserjio the Octopode Fire Elementalist began the quest for the Orb.
     0 | D:1      | Reached XP level 1. HP: 11/11 MP: 3/3
    90 | D:1      | Reached XP level 2. HP: 4/17 MP: 1/5
   226 | D:1      | Slain by a leopard gecko

Vault maps used:
D:1:      dpeg_arrival_fog

Skill      XL: |  1 |
---------------+----+-----
Stealth        | 3 |  3.2
Dodging        | |  2.0
Spellcasting   | |  2.2
Conjurations   | |  1.5
Fire Magic     | |  3.2

Action                   || total
-------------------------++-------
Melee: Club              ||    13
       Constrict         ||     4
       Tentacles         ||     4
       Unarmed           ||     2
 Cast: Flame Tongue      ||    14
Dodge: Dodged            ||    15

Table legend:
 A = Spawn XP
 B = Non-spawn XP
 C = Spawn XP percentage of total XP
 D = Spawn monster count
 E = Non-spawn monster count
 F = Spawn count percentage of total count
 G = Total turns spent on level
                    A         B        C        D         E        F      G
               +---------+---------+-------+---------+---------+-------+---------
         Total |       0 |      28 |   0.0 |       0 |      12 |   0.0 |   226
               +---------+---------+-------+---------+---------+-------+---------
           D:1 |       0 |      28 |   0.0 |       0 |      12 |   0.0 |   226
               +---------+---------+-------+---------+---------+-------+---------
